Map: Prion Terraces

Players

POX

  • Race: Protoss Protoss
  • League: Grandmaster

LiquidTLO (TLO) - Winner!

  • Race: Zerg Zerg
  • League: Master

Event: DreamHack ZOWIE Open Leipzig

VOD

Have the link to the VOD?

Description

Time

  • Played on: Jan. 22, 2016, 9:12 a.m.
  • Length: 11:11

All games in this series

Show
View Real Time Build Order
Export as new Build Order

POX Protoss 

Build Orders: 1 Gate Expand 

Get SALT Encoding   

  12  0:01  Probe (Chrono Boost)  
  13  0:11  Probe (Chrono Boost)  
  14  0:20  Pylon  
  14  0:23  Probe (Chrono Boost)  
  15  0:38  Probe (Chrono Boost)  
  15  0:40  Gateway  
  16  0:49  Probe (Chrono Boost)  
  17  0:52  Assimilator  
  17  0:59  Probe (Chrono Boost)  
  18  1:07  Gateway  
  18  1:10  Probe (Chrono Boost)  
  19  1:28  Cybernetics Core  
  19  1:44  Nexus  
  19  1:51  Pylon  
  19  2:04  Adept (Chrono Boost)  
  19  2:07  Mothership Core (Chrono Boost)  
  23  2:13  Adept (Chrono Boost)  
  25  2:26  Pylon  
  25  2:27  Pylon  
  25  2:33  Pylon  
  25  2:48  Pylon  
  27  2:52  Adept (Chrono Boost)  
  27  2:56  Pylon  
  27  3:01  Probe x2, Warp Gate  
  29  3:12  Probe (Chrono Boost)  
  29  3:13  Probe (Chrono Boost)  
  29  3:24  Probe (Chrono Boost)  
  29  3:25  Sentry, Probe (Chrono Boost)  
  33  3:34  Probe (Chrono Boost)  
  33  3:36  Probe (Chrono Boost)  
  33  3:39  Pylon  
  33  3:40  Pylon  
  33  3:45  Probe (Chrono Boost)  
  33  3:46  Probe (Chrono Boost)  
  36  3:55  Probe (Chrono Boost)  
  36  3:57  Probe (Chrono Boost)  
  35  4:03  Robotics Facility  
  35  4:06  Probe (Chrono Boost)  
  35  4:07  Probe (Chrono Boost)  
  37  4:16  Probe (Chrono Boost)  
  38  4:18  Probe (Chrono Boost)  
  38  4:21  Gateway  
  39  4:25  Pylon  
  39  4:27  Probe (Chrono Boost)  
  39  4:28  Probe (Chrono Boost)  
  41  4:32  Pylon  
  41  4:37  Pylon  
  41  4:38  Probe (Chrono Boost)  
  41  4:39  Probe (Chrono Boost)  
  42  4:47  Probe (Chrono Boost)  
  42  4:48  Twilight Council  
  42  4:49  Probe (Chrono Boost)  
  42  4:50  Warp Prism (Chrono Boost)  
  46  4:57  Probe  
  47  5:01  Probe  
  48  5:07  Probe  
  48  5:09  Pylon  
  48  5:10  Pylon  
  48  5:12  Pylon  
  48  5:13  Probe  
  50  5:17  Adept  
  50  5:18  Probe, Adept  
  55  5:25  Probe  
  55  5:28  Probe  
  55  5:34  Assimilator  
  56  5:38  Probe, Assimilator  
  56  5:39  Probe  
  58  5:45  Assimilator  
  58  5:46  Dark Shrine  
  58  5:50  Probe x2  
  58  5:52  Nexus  
  60  6:00  Probe, Pylon  
  60  6:02  Probe  
  60  6:03  Pylon  
  62  6:06  Pylon  
  62  6:17  Probe  
  62  6:18  Probe  
  62  6:20  Immortal (Chrono Boost)  
  62  6:21  Pylon  
  68  6:27  Probe  
  68  6:30  Sentry, Probe  
  68  6:31  Adept  
  74  6:38  Probe  
  74  6:42  Probe  
  73  6:47  Gateway  
  73  6:48  Probe  
  73  6:51  Gateway  
  73  6:52  Sentry, Zealot  
  76  6:55  Probe  
  76  6:59  Probe  
  76  7:00  Gateway  
  76  7:07  Probe  
  76  7:08  Gateway, Probe  
  77  7:09  Probe  
  79  7:15  Dark Templar  
  79  7:17  Robotics Bay  
  79  7:18  Dark Templar  
  79  7:19  Probe x2  
  79  7:20  Probe  
  86  7:27  Assimilator  
  86  7:28  Assimilator  
  86  7:30  Probe  
  86  7:31  Probe  
  86  7:33  Gateway, Charge (Chrono Boost), Probe  
  86  7:34  Pylon  
  89  7:40  Probe  
  89  7:43  Probe  
  89  7:45  Probe  
  89  7:51  Probe  
  94  7:53  Zealot x2  
  94  7:56  Probe  
  98  8:02  Observer (Chrono Boost), Zealot  
  98  8:03  Zealot  
  98  8:04  Zealot  
  101  8:08  Nexus  
  101  8:10  Pylon  
  101  8:11  Pylon  
  101  8:12  Pylon  
  101  8:17  Pylon  
  101  8:19  Pylon  
  101  8:20  Disruptor (Chrono Boost)  
  101  8:26  Zealot x3  
  110  8:27  Zealot, Pylon  
  110  8:28  Stargate  
  110  8:34  Dark Templar x3  
  116  8:36  Dark Templar x2  
  116  8:42  Zealot  
  116  8:43  Archon  
  118  8:50  Dark Templar x2, Zealot x2  
  118  8:51  Disruptor (Chrono Boost)  
  129  8:55  Archon  
  129  8:57  Probe x3, Pylon  
  132  9:07  Probe  
  132  9:09  Probe x2  
  119  9:12  Zealot x2  
  119  9:13  Zealot x3  
  128  9:19  Probe, Oracle  
  128  9:21  Probe x2  
  128  9:22  Disruptor (Chrono Boost)  
  124  9:29  Probe  
  111  9:32  Zealot x2  
  111  9:35  Zealot x3  
  121  9:51  Nexus  
  121  9:55  Disruptor (Chrono Boost)  
  121  9:57  Dark Templar  
  126  10:01  Dark Templar  
  126  10:06  Assimilator  
  128  10:08  Archon  
  128  10:10  Pylon  
  128  10:20  Dark Templar x2  
  132  10:21  Zealot x3  
  134  10:33  Zealot x2  
  136  10:35  Immortal (Chrono Boost)  
  118  10:46  Zealot x3  
  118  10:49  Probe  
  118  10:51  Probe  
  118  10:57  Zealot x3  
Show
View Real Time Build Order
Export as new Build Order

LiquidTLO Zerg - Winner!

Build Orders: Hatch First, Lurkers 

Get SALT Encoding   

  12  0:01  Drone  
  13  0:13  Overlord  
  13  0:17  Drone  
  14  0:31  Drone x2  
  14  0:35  Drone  
  17  0:54  Hatchery  
  17  0:56  Drone  
  17  0:59  Drone  
  18  1:09  Extractor  
  17  1:17  Spawning Pool  
  17  1:18  Drone  
  17  1:23  Drone  
  18  1:26  Extractor  
  18  1:29  Drone  
  18  1:40  Drone  
  18  1:46  Extractor  
  19  1:50  Overlord  
  19  2:01  Drone  
  20  2:05  Queen, Extractor  
  20  2:06  Queen  
  24  2:08  Drone  
  24  2:15  Metabolic Boost  
  25  2:23  Drone  
  25  2:25  Zergling x2, Extractor  
  25  2:28  Zergling x2  
  28  2:35  Zergling x2  
  28  2:36  Zergling x2  
  30  2:39  Zergling x2  
  31  2:45  Zergling x2  
  31  2:48  Zergling x2  
  33  2:57  Drone  
  34  3:00  Drone  
  34  3:08  Drone  
  34  3:11  Drone  
  35  3:16  Drone  
  33  3:23  Zergling x2  
  34  3:27  Zergling x2  
  34  3:31  Spore Crawler  
  34  3:32  Hatchery, Zergling x2  
  34  3:35  Spore Crawler, Drone  
  34  3:37  Drone  
  34  3:45  Overlord x2  
  35  3:55  Overlord  
  35  3:57  Overlord  
  35  4:02  Overlord  
  35  4:03  Queen  
  35  4:04  Drone  
  35  4:05  Drone  
  35  4:07  Drone x2  
  35  4:08  Drone  
  43  4:13  Drone x3  
  43  4:15  Drone  
  43  4:16  Drone  
  46  4:26  Drone  
  46  4:29  Hatchery  
  46  4:30  Zergling x4  
  46  4:31  Zergling x6  
  50  4:32  Drone  
  50  4:34  Zergling x2  
  50  4:37  Lair  
  52  4:39  Zergling x4  
  54  4:49  Evolution Chamber, Drone  
  54  4:50  Extractor  
  54  4:51  Drone  
  54  4:57  Spore Crawler  
  54  4:59  Extractor x2  
  51  5:02  Drone x2  
  51  5:04  Drone x2  
  51  5:05  Drone  
  56  5:12  Drone  
  57  5:15  Drone  
  57  5:16  Drone x2  
  57  5:17  Drone  
  57  5:20  Hatchery  
  60  5:24  Drone  
  60  5:27  Drone  
  59  5:31  Drone  
  59  5:32  Drone  
  59  5:33  Zergling x2  
  59  5:34  Zergling x2  
  61  5:36  Zerg Missile Weapons Level 1  
  61  5:38  Hydralisk Den  
  61  5:40  Zergling x2  
  61  5:41  Zergling x2  
  62  5:44  Queen  
  62  5:45  Drone  
  65  5:50  Zergling x2  
  65  5:51  Zergling x2  
  65  5:55  Drone  
  67  5:59  Zergling x6  
  67  6:01  Drone  
  71  6:05  Drone  
  71  6:06  Drone  
  71  6:10  Spore Crawler  
  72  6:16  Drone x3  
  72  6:17  Drone x2, Lurker Den  
  76  6:22  Extractor  
  76  6:23  Extractor  
  76  6:24  Drone  
  75  6:27  Drone  
  75  6:29  Drone  
  75  6:31  Drone  
  77  6:32  Queen  
  77  6:34  Drone  
  77  6:35  Drone  
  77  6:36  Drone, Overlord x2  
  82  6:40  Extractor  
  82  6:42  Extractor  
  82  6:43  Overlord  
  82  6:44  Hydralisk x4  
  86  6:47  Overseer  
  86  6:49  Overlord x2  
  86  6:56  Hydralisk x4  
  86  6:58  Hydralisk  
  86  6:59  Drone  
  86  7:00  Drone  
  96  7:01  Drone, Hydralisk  
  96  7:03  Overlord  
  96  7:04  Hydralisk  
  96  7:06  Hydralisk  
  96  7:08  Drone  
  104  7:10  Overlord  
  104  7:13  Overlord  
  105  7:15  Drone  
  105  7:16  Drone x3  
  108  7:24  Drone x2, Overlord  
  108  7:27  Drone x2  
  108  7:28  Overlord, Overseer  
  108  7:29  Overseer  
  112  7:30  Hydralisk  
  112  7:31  Hydralisk  
  112  7:36  Spore Crawler, Overseer  
  111  7:37  Drone x2  
  111  7:43  Drone  
  112  7:44  Drone  
  112  7:45  Drone x2  
  112  7:46  Drone  
  112  7:49  Drone x2  
  112  7:51  Drone x3  
  117  7:52  Drone x3  
  117  7:54  Drone x2  
  117  7:55  Drone x2  
  117  7:56  Drone  
  117  7:58  Lurker x2  
  127  7:59  Lurker  
  127  8:03  Lurker x2  
  127  8:05  Drone x2  
  132  8:07  Lurker  
  132  8:08  Lurker  
  132  8:09  Zergling x4  
  132  8:10  Zergling x2  
  132  8:11  Zergling x2  
  132  8:12  Zergling x2  
  139  8:13  Zergling x2  
  139  8:15  Spine Crawler, Zergling x2  
  140  8:21  Overlord  
  140  8:22  Zerg Missile Weapons Level 2  
  140  8:25  Zergling x2  
  140  8:26  Roach Warren  
  140  8:28  Muscular Augments  
  140  8:29  Hydralisk  
  140  8:31  Hydralisk  
  144  8:35  Hydralisk x2  
  144  8:37  Hydralisk  
  150  8:42  Hydralisk  
  150  8:43  Hydralisk  
  150  8:44  Hydralisk  
  150  8:47  Overlord  
  156  8:48  Overlord  
  156  8:49  Overseer  
  156  8:50  Overseer  
  156  8:53  Overlord x3  
  156  8:58  Evolution Chamber  
  156  9:01  Infestation Pit  
  150  9:11  Hydralisk  
  150  9:14  Hydralisk x3  
  150  9:16  Hydralisk x2  
  152  9:18  Hydralisk x2  
  148  9:25  Hydralisk x2  
  148  9:26  Hydralisk x3  
  148  9:27  Hydralisk x2  
  148  9:30  Hydralisk  
  146  9:33  Zergling x2  
  146  9:38  Zergling x8  
  151  9:39  Lurker x2  
  151  9:41  Zergling x2  
  151  9:42  Zergling x2  
  151  9:43  Zergling x6  
  155  9:45  Zergling x2  
  155  9:46  Zergling x2  
  155  9:47  Glial Reconstitution  
  155  9:48  Roach x2  
  155  9:49  Spore Crawler, Roach  
  155  9:50  Roach x2  
  166  9:55  Spore Crawler  
  166  9:56  Zergling x4  
  166  9:59  Lurker  
  168  10:00  Zergling x4  
  168  10:02  Zergling x2  
  168  10:03  Spine Crawler x2  
  168  10:07  Zergling x2  
  170  10:12  Hydralisk  
  170  10:13  Hydralisk x2  
  176  10:16  Lurker  
  176  10:20  Hydralisk  
  176  10:21  Hydralisk  
  177  10:22  Hydralisk x2  
  177  10:26  Hydralisk  
  177  10:27  Hydralisk x2  
  176  10:30  Hydralisk  
  176  10:34  Lurker  
  176  10:35  Lurker  
  178  10:39  Hydralisk  
  178  10:41  Hydralisk  
  155  10:44  Hydralisk  
  155  10:45  Hydralisk  
  155  10:46  Hydralisk  
  155  10:49  Roach x2  
  151  10:51  Roach x2  

Tags
 
Add a new tag
Caveats
  • Supply blocks, unpowered buildings, or Contaminate may cause inaccurate times.
  • Supply counts are checked every 10 seconds.